 Dungeon Crawl Stone Soup version 0.26-a0-651-gb41185065b (webtiles) character file.

Game seed: 12712801374806255299

527125 gbos the Conqueror (level 25, 233/252 HPs)
             Began as a Naga Fighter on Oct 10, 2020.
             Was an Initiate of Gozag.
             Tarried too long and was consumed by Zot
             ... on level 4 of the Vaults on Oct 11, 2020.
             The game lasted 04:24:28 (118104 turns).

gbos the Conqueror (Naga Fighter)                 Turns: 118104, Time: 04:24:28

Health: 233/252    AC: 34    Str: 31    XL:     25   Next: 50%
Magic:  18/18      EV: 17    Int:  8    God:    Gozag
Gold:   7448       SH: 13    Dex: 11    Spells: 24/24 levels left

rFire    + . .     SeeInvis +   a - +9 demon whip (vamp)
rCold    + . .     Faith    .   c - +3 kite shield {reflect}
rNeg     + . .     Spirit   .   t - +3 plate armour {MR+}
rPois    +         Reflect  +   p - +2 hood of the Assassin {Detection Stab+ Stlth++}
rElec    .         Harm     .   H - scarf {repulsion}
rCorr    +         Rampage  .   m - +2 pair of gloves {archery}
MR       +++++     Rnd*Rage +   L - +1 barding {Fly}
Stlth    ..........             N - amulet "Sutz" {Acrobat Str+6}
HPRegen  0.52/turn              g - ring of Bifyfap {rPois rN+ MR+ SInv}
MPRegen  0.16/turn              O - ring of resist corrosion

@: acrobat, flying, studying 3 skills, very heavily drained, repel missiles,
bezotted, very slow
A: large, horns 1, iridescent scales 1, see invisible, berserk 1, clumsy 2, cold
resistance 1, deformed body, deterioration 2, dopey 1, fire resistance 1, frail
1, low mp 2, poison resistance, screaming 2, slowness 2, inhibited regeneration,
spit poison 1, subdued magic 1, constrict 1, AC +8
}: 3/15 runes: decaying, serpentine, slimy
a: Spit Poison, Potion Petition, Call Merchant, Bribe Branch, Renounce Religion,
Stop Flying


You were on level 4 of the Vaults.
You worshipped Gozag.
Gozag was greatly pleased with you.
You visited 8 branches of the dungeon, and saw 43 of its levels.
You also visited: Ossuary, Bailey and Ice Cave.

You collected 25029 gold pieces.
You spent 8173 gold pieces at shops.
You paid 9408 gold pieces to Gozag.


Innate Abilities, Weirdness & Mutations

You cannot wear boots.
Your serpentine skin is tough. (AC +8)
You have supernaturally acute eyesight. (SInv)
Armour fits poorly on your strangely shaped body.
Your system is resistant to poisons. (rPois)
You cover ground very slowly.
You can spit poison.
You can use your snake-like lower body to constrict enemies.
You have a pair of small horns on your head.
You are partially covered in iridescent scales. (AC +2)
You tend to lose your temper in combat.
You are very clumsy. (Dex -4)
Your flesh is cold resistant. (rC+)
Your body often deteriorates upon taking damage.
You are dopey. (Int -2)
Your flesh is heat resistant. (rF+)
You are frail. (-10% HP)
Your magical capacity is very low. (-20% MP)
You sometimes yell uncontrollably at your foes.
You do not regenerate when monsters are visible.
Your spells are a little easier to cast, but a little less powerful.


   Skills:
 O Level 27(19.7) Fighting
 + Level 18.2(12.5) Axes
 - Level 8.9 Maces & Flails
   Level 6.0(1.3) Slings
 - Level 10.0(4.8) Crossbows
 - Level 15.0(9.3) Armour
 - Level 8.0(3.1) Stealth
 - Level 9.0(4.0) Shields
 - Level 10.0(4.8) Evocations


You had 24 spell levels left.
You didn't know any spells.
Your spell library contained the following spells:

 Spells                   Type           Power        Failure   Level
 Corona                   Hex            #......      100%        1
 Foxfire                  Conj/Fire      #...         100%        1
 Freeze                   Ice            #...         100%        1
 Magic Dart               Conj           #...         100%        1
 Shock                    Conj/Air       #...         100%        1
 Summon Small Mammal      Summ           #...         100%        1
 Blink                    Tloc           N/A          100%        2
 Call Imp                 Summ           #.......     100%        2
 Corpse Rot               Necr/Air       N/A          100%        2
 Ensorcelled Hibernation  Hex/Ice        #.....       100%        2
 Poisonous Vapours        Pois/Air       #.....       100%        2
 Slow                     Hex            #.......     100%        2
 Sublimation of Blood     Necr           #.........   100%        2
 Swiftness                Air            #.......     100%        2
 Call Canine Familiar     Summ           #.......     100%        3
 Confusing Touch          Hex            #.......     100%        3
 Conjure Flame            Conj/Fire      #.......     100%        3
 Dazzling Flash           Conj/Hex       #.....       100%        3
 Frozen Ramparts          Ice            #.....       100%        3
 Gell's Gravitas          Tloc           #.........   100%        3
 Ignite Poison            Fire/Tmut/Pois #.......     100%        3
 Inner Flame              Hex/Fire       #.......     100%        3
 Mephitic Cloud           Conj/Pois/Air  #.......     100%        3
 Ozocubu's Armour         Ice            #.......     100%        3
 Portal Projectile        Hex/Tloc       #.....       100%        3
 Static Discharge         Conj/Air       #.......     100%        3
 Stone Arrow              Conj/Erth      #.....       100%        3
 Summon Guardian Golem    Hex/Summ       #.......     100%        3
 Tukima's Dance           Hex            #.......     100%        3
 Airstrike                Air            #.........   100%        4
 Cause Fear               Hex            #.........   100%        4
 Dispel Undead            Necr           #.......     100%        4
 Hailstorm                Conj/Ice       #.......     100%        4
 Leda's Liquefaction      Hex/Erth       #.........   100%        4
 Petrify                  Tmut/Erth      #.......     100%        4
 Sticky Flame             Conj/Fire      #.......     100%        4
 Summon Ice Beast         Ice/Summ       #.......     100%        4
 Summon Lightning Spire   Summ/Air       #.......     100%        4
 Agony                    Necr           #.......     100%        5
 Alistair's Intoxication  Tmut/Pois      #........    100%        5
 Bolt of Magma            Conj/Fire/Erth #.........   100%        5
 Borgnjor's Vile Clutch   Necr/Erth      #.........   100%        5
 Excruciating Wounds      Necr           #.........   100%        5
 Fireball                 Conj/Fire      #.........   100%        5
 Irradiate                Conj/Tmut      #.........   100%        5
 Iskenderun's Battlesphe  Conj           #.......     100%        5
 Lee's Rapid Deconstruct  Erth           #.........   100%        5
 Lightning Bolt           Conj/Air       #.........   100%        5
 Metabolic Englaciation   Hex/Ice        #.........   100%        5
 Silence                  Hex/Air        #.........   100%        5
 Summon Forest            Summ/Tloc      #.........   100%        5
 Yara's Violent Unravell  Hex/Tmut       #.........   100%        5
 Conjure Ball Lightning   Conj/Air       #.........   100%        6
 Dispersal                Tloc           #.........   100%        6
 Eringya's Noxious Bog    Tmut/Pois      #.........   100%        6
 Freezing Cloud           Conj/Ice/Air   #.........   100%        6
 Hydra Form               Tmut           #.........   100%        6
 Iron Shot                Conj/Erth      #.........   100%        6
 Starburst                Conj/Fire      #.........   100%        6
 Statue Form              Tmut/Erth      #........    100%        6
 Orb of Destruction       Conj           #.........   100%        7
 Spellforged Servitor     Conj/Summ      #.........   100%        7
 Summon Hydra             Summ           #.........   100%        7
 Disjunction              Tloc           #.........   100%        8
 Ignition                 Fire           #.........   100%        8
 Shatter                  Erth           #.........   100%        9
 Tornado                  Air            #.........   100%        9

Inventory:

Hand Weapons
 a - a +9 vampiric demon whip (weapon)
 b - the +9 hand crossbow of Urgency {flame, +Inv rPois Str+2}

   It causes projectiles fired from it to burn those they strike, causing extra
   injury to most foes and up to half again as much damage against particularly
   susceptible opponents.
   It affects your strength (+2).
   It protects you from poison.
   It lets you turn invisible.
 j - the +7 executioner's axe of the Maze {vamp, Str+6 Dex-2}

   It inflicts no extra harm, but heals its wielder when it wounds a living foe.
   It affects your strength (+6).
   It affects your dexterity (-2).
 r - the +11 hand axe of Karma {venom, rElec rF+}

   It poisons the flesh of those it strikes.
   It protects you from fire.
   It insulates you from electricity.
 A - the +8 hand axe of Noewoaf {flame, Dex+7}

   It has been specially enchanted to burn those struck by it, causing extra
   injury to most foes and up to half again as much damage against particularly
   susceptible opponents.
   Big, fiery blades are also staple armaments of hydra-hunters.
   It affects your dexterity (+7).
 D - a +2 broad axe of holy wrath
Missiles
 C - 930 bolts
Armour
 c - a +3 kite shield of reflection (worn)
 m - a +2 pair of gloves of archery (worn)
 p - the +2 hood of the Assassin (worn) {Detection Stab+ Stlth++}

   It makes you much more stealthy.
 t - a +3 plate armour of magic resistance (worn)
 H - a scarf of repulsion (worn)
 L - a +1 barding of flying (worn)
 T - a scarf of resistance
 Z - the +1 plate armour of the Pure Thickets {rF- rC+ MR++ Int+4}

   It affects your intelligence (+4).
   It makes you vulnerable to fire.
   It protects you from cold.
   It affects your resistance to hostile enchantments.
Jewellery
 g - the ring of Bifyfap (left hand) {rPois rN+ MR+ SInv}

   [ring of protection from magic]

   It protects you from poison.
   It protects you from negative energy.
   It affects your resistance to hostile enchantments.
   It lets you see invisible.
 l - an uncursed ring of protection from fire
 n - an uncursed ring of protection from magic
 N - the amulet "Sutz" (around neck) {Acrobat Str+6}

   [amulet of the acrobat]

   It helps you evade while moving and waiting.
   It affects your strength (+6).
 O - a ring of resist corrosion (right hand)
 S - the macabre finger necklace {rN+}

   [amulet of nothing]

   It protects you from negative energy.
Wands
 i - a wand of iceblast (47)
 q - a wand of digging (14)
 u - a wand of acid (23)
 x - a wand of flame (133)
 J - a wand of enslavement (13)
 W - a wand of paralysis (31)
Scrolls
 e - 2 scrolls of fog
 f - 5 scrolls of fear
 w - 11 scrolls of magic mapping
 y - 26 scrolls of remove curse
 z - 11 scrolls of enchant weapon
 G - a scroll of enchant armour
 K - 6 scrolls of silence {!r}
 M - 22 scrolls of teleportation {@r4}
 P - 2 scrolls of holy word
 V - 2 scrolls of blinking
 X - 34 scrolls of identify {@r1}
 Y - 3 scrolls of immolation {!r}
Potions
 d - 3 potions of might
 h - 4 potions of berserk rage {!q}
 k - 3 potions of haste {@q3}
 s - 6 potions of mutation {!q}
 v - 27 potions of curing {@q1}
 E - 10 potions of lignification {!q}
 I - a potion of heal wounds {@q2}
 Q - 3 potions of invisibility
 R - 2 potions of cancellation
 U - 4 potions of resistance
Books
 o - a manual of Crossbows
 B - a manual of Maces & Flails
 F - a manual of Axes

Dungeon Overview and Level Annotations

Branches:
Dungeon (15/15)            Temple (0/1) D:7            Lair (6/6) D:9
  Swamp (4/4) Lair:3        Snake (4/4) Lair:4        Slime (5/5) Lair:5
    Orc (2/2) D:10            Elf (3/3) Orc:2        Vaults (4/5) D:13
  Crypt (0/3) Vaults:2     Depths (0/5) D:15        Ossuary (visited)
 Bailey (visited)           IceCv (visited)

Altars:
Cheibriados
Dithmenos
Elyvilon
Gozag
Kikubaaqudgha
Makhleb
Nemelex Xobeh
Okawaru
Ru
Uskayaw
Vehumet
Wu Jian
Yredelemnul
The Shining One
Jiyva

Shops:
D:7 (   D:8 !   D:11 (   D:12 *   D:14 *??!??   Orc:2 (!*:*   Elf:2 ?   Elf:3 !
Snake:1 ?   Snake:2 ***:!?   Slime:1 [   Vaults:2 (   Vaults:3 !   Vaults:4 *

Portals:
Pandemonium: Orc:2

Annotations:
D:13 exclusions: tormentor and 4 more exclusions
Lair:6 Nessos

.....▒ ▒..▒ ▒▒▒..▒
▒..▒ .▒▒..▒ ▒..▒
▒.▒..▒ ▒..▒ .▒...▒
▒..▒ ▒.▒..▒ ▒?.▒
.▒▒..▒ ▒▒▒▒▒▒▒▒▒
▒..▒ ▒▒▒..▒
..(....£▒▒▒▒▒▒▒▒..▒
....>▒
......£N'(.....▒..▒
.....▒
.......£▒£.....+..▒
▒▒▒▒▒▒
........▒......▒..▒
........▒......▒..▒
........▒......+..▒
▒▒▒+▒▒▒▒▒......▒..▒
▒......▒..▒
▒......▒..▒
▒......'..▒


There were no monsters in sight!


Message History

The yaktaur hits you.
You thrash the vault warden!!
You kill the vault warden!
The runic seal fades away.
You whack the yaktaur!
The yaktaur is moderately wounded.
The yaktaur hits you but does no damage.
You whack the yaktaur!
The yaktaur is severely wounded.
The yaktaur hits you but does no damage.
You hit the yaktaur. You headbutt the yaktaur.
The yaktaur is severely wounded.
The yaktaur hits you but does no damage.
Your shield and plate armour prevent you from hitting the yaktaur.
The yaktaur is severely wounded.
You hit the yaktaur. You headbutt the yaktaur!
The yaktaur is almost dead.
The yaktaur hits you but does no damage.
You whack the yaktaur!
You kill the yaktaur!
No target in view!
No target in view!
You now have 7448 gold pieces (gained 32).
Things that are here:
a +1 vorpal halberd; a +0 plate armour Zot has found you!
You die...
Your body crumbles into a pile of gold.

Action                   |  1- 3 |  4- 6 |  7- 9 | 10-12 | 13-15 | 16-18 | 19-21 | 22-24 | 25-27 || total
-------------------------+-------+-------+-------+-------+-------+-------+-------+-------+-------++-------
Melee: War axe           |   115 |   246 |   204 |       |       |       |       |       |       ||   565
       Hand axe          |       |       |    90 |    56 |   716 |   731 |  2030 |    49 |       ||  3672
       Constrict         |       |       |       |       |   149 |   146 |   305 |   267 |    12 ||   879
       Broad axe         |       |       |       |       |       |       |     4 |       |       ||     4
       Demon whip        |       |       |       |       |       |       |       |  1976 |   174 ||  2150
       Headbutt          |       |       |       |       |       |       |       |   408 |    72 ||   480
 Fire: Hunting sling     |       |     7 |    49 |    61 |   793 |   561 |   178 |   289 |       ||  1938
       Hand crossbow     |       |       |       |       |       |       |       |    72 |   307 ||   379
Invok: Potion Petition   |       |       |       |     1 |     2 |       |     1 |     1 |     4 ||     9
       Call Merchant     |       |       |       |       |       |     2 |     3 |     1 |       ||     6
 Abil: Spit Poison       |     5 |    23 |    22 |     2 |    16 |       |     2 |     5 |       ||    75
Evoke: Wand              |       |     3 |       |    25 |     1 |     6 |     7 |     2 |     1 ||    45
  Use: Scroll            |       |     9 |     7 |     5 |    22 |    17 |    12 |    19 |    15 ||   106
       Potion            |       |       |     1 |     7 |     2 |     1 |    12 |     5 |     1 ||    29
 Stab: Sleeping          |       |     3 |       |       |     2 |     1 |       |       |       ||     6
       Distracted        |       |     2 |       |       |     5 |    13 |    12 |    10 |       ||    42
       Paralysed         |       |       |       |     1 |       |       |       |       |       ||     1
       Confused          |       |       |       |       |       |       |     1 |       |       ||     1
Armor: Scale mail        |    36 |    86 |    27 |       |       |       |       |       |       ||   149
       Chain mail        |       |       |   109 |    34 |    71 |   133 |   668 |   211 |       ||  1226
       Ring mail         |       |       |       |       |   244 |    47 |       |       |       ||   291
       Plate armour      |       |       |       |       |       |       |     3 |   822 |   204 ||  1029
Dodge: Dodged            |    32 |    90 |   132 |    41 |   296 |   152 |   344 |   339 |    45 ||  1471
       Repelled          |       |       |       |       |       |       |       |     6 |     6 ||    12
Block: Kite shield       |    57 |   131 |   194 |    80 |   637 |   438 |  1304 |  1241 |   162 ||  4244
       Reflection        |       |       |       |       |       |       |       |   132 |     7 ||   139

Levels and vault maps discovered:
D:1:      shiori_arrival_oz, layout_basic, minmay_pentomino_z4
D:2:      layout_loops_ring, minmay_ruptured, uniq_robin
D:3:      layout_loops_cross, lemuel_crystal_altar, nicolae_gozag_seed_capital,
          minmay_vboxes
D:4:      layout_loops_cross, hangedman_abyss_or_decor_passed
D:5:      layout_loops_ring, cheibrodos_worm_habitat, overflow_temple_1_default,
          nicolae_ru_awakened_eye, minmay_fire_ice_demons, uniq_eustachio
D:6:      minmay_chambers_of_fours, layout_basic, kennysheep_mini, uniq_menkaure
D:7:      layout_basic, gammafunk_temple_overflow_wave,
          nicolae_overflow_hidden_temple, minmay_temple_entry_waves,
          nicolae_ossuary_entry_monument, serial_shops, shop_coins,
          kennysheep_generic_room_14, uniq_pikel
D:8:      layout_loops_ring, kennysheep_okawaru_gauntlet, vehumet_crystals,
          serial_shops, shop, enter_bailey_3, chequers_serial_rivers_large_b,
          lemuel_mausoleum_altar_yredelemnul, uniq_maurice
D:9:      layout_basic, lemuel_doored_altar, lair_entry_dummy
D:10:     layout_irregular_city, kennysheep_orc_monster_closet_entryway,
          abandoned_shop, minivault_10, chequers_serial_rivers_small_3,
          grunt_dithmenos_shadows, uniq_joseph
D:11:     minmay_recursive_quarters, layout_irregular_city, serial_shops, shop,
          serial_glass, glass_columns_a, glass_columns_c, uniq_erica
D:12:     layout_roguey, minmay_gold_behind_fungi, nicolae_elemental_shop,
          grunt_decor_fettered, minivault_19, uniq_snorg, uniq_psyche
D:13:     cheibrodos_tormentor_scu, layout_basic, grunt_vaults_entry_fortified,
          uniq_azrael
D:14:     layout_rooms, nrook_pool_corridor, basic_altar, serial_shops,
          nicolae_shop_statue_plus, shop, shop, shop, shop, lemuel_old_faithful
D:15:     gammafunk_depths_entry_grave, layout_basic, nicolae_underground_beach
Lair:1:   layout_layer_cave, serial_bayou_shore_b
Lair:2:   layout_cave_shapes, kennysheep_rathole, lemuel_fruit_fields
Lair:3:   layout_cave_pods, nicolae_swamp_entry_splash_gauntlet,
          chequers_serial_rivers_room_b, minivault_11, beast_lair_carwin_9
Lair:4:   layout_roguey, dummy_snake_entry
Lair:5:   layout_hall_layers, slime_altar_2, chequers_serial_rivers_room_b
Lair:6:   hangedman_lair_caniforms_friends, layout_cellular_growth,
          hangedman_lair_in_review, uniq_nessos, uniq_kirke
Swamp:1:  layout_basic_swamp, evilmike_swamp_ruin_house_2, swamp_pool5
Swamp:2:  layout_falls_marsh, evilmike_swamp_ruin_house_1, swamp_pool1
Swamp:3:  layout_basic_swamp, evilmike_swamp_ruin_rubble_2, uniq_aizul
Swamp:4:  swamp_basic_johnstein, layout_basic_swamp, swamp_pool5
Snake:1:  layout_grid_shapes, serial_shops, nicolae_shop_trees
Snake:2:  layout_layer_cave, grunt_megastairs_4, serial_bayou_shore_a,
          minmay_shoptagon, lemuel_fruit_tree
Snake:3:  layout_gridlike, serial_bayou_ford_a, uniq_vashnia, uniq_donald,
          uniq_mara
Snake:4:  grunt_snake_rune_serpentine_throne, layout_onion, st_stairs_4
Slime:1:  layout_caves
Slime:2:  layout_caves
Slime:3:  layout_caves
Slime:4:  layout_caves
Slime:5
Orc:1:    layout_caves, portal_ice_cave_entry_imps
Orc:2:    pf_orc_diabolical, layout_caves
Elf:1:    elf_arrival_001, layout_loops_ring, hangedman_corner_corridor,
          due_unseen_surprise
Elf:2:    layout_geoelf_grid, serial_shops, nicolae_shop_behind_doors
Elf:3:    minmay_elf_hall_not_hex, layout_rooms, serial_shops, shop,
          guppyfry_elf_garden
Vaults:1: nicolae_vaults_murderbox, grunt_vaults_hallway_short, v_pattern_1,
          hangedman_vaults_slice, hangedman_vaults_pinch,
          nicolae_vaults_back_hallway, grunt_vaults_funnel,
          nicolae_vaults_network_star, v_misc_27, layout_vaults_omnicross
Vaults:2: minmay_crypt_entry_simple_box, v_misc_27,
          hangedman_vaults_stretched_pinwheel, nicolae_vaults_circle_grid_a,
          nicolae_vaults_arrows, nicolae_vaults_mini_display_case,
          ontoclasm_vaults_bender, hangedman_vaults_variations,
          vaults_room_grid, v_misc_11, v_alt_pattern_5, ontoclasm_vaults_twist,
          ontoclasm_vaults_loading_screen, layout_vaults_maze_snakey
Vaults:3: st_greater_box_1, nicolae_vaults_puzzle_piece,
          nicolae_vaults_windows_and_doors_thing, vaults_mumra_chevron_long,
          ontoclasm_vaults_shuriken, v_alt_pattern_6, vaults_dpeg_encased_lava,
          layout_vaults_chaotic_city, serial_shops, nicolae_shop_waterfront
Vaults:4: grunt_vaults_focal, hangedman_vaults_slither, ontoclasm_vaults_chip,
          ontoclasm_vaults_idyll, sword_in_stone, nicolae_vaults_alarming,
          v_misc_17, grunt_vaults_hallway_short, layout_vaults_omnigrid,
          serial_shops, shop

Notes
Turn   | Place    | Note
-------+----------+-------------------------------------------
     0 | D:1      | gbos the Naga Fighter began the quest for the Orb.
     0 | D:1      | Reached XP level 1. HP: 21/21 MP: 1/1
    34 | D:1      | Reached skill level 1 in Stealth
   260 | D:1      | Reached XP level 2. HP: 27/28 MP: 2/2
   309 | D:1      | Reached skill level 2 in Stealth
   765 | D:1      | Reached XP level 3. HP: 33/34 MP: 3/3
   885 | D:1      | Reached skill level 3 in Stealth
  1452 | D:2      | Reached skill level 4 in Fighting
  1452 | D:2      | Reached XP level 4. HP: 16/44 MP: 4/4
  1464 | D:2      | Reached skill level 4 in Stealth
  1964 | D:2      | Noticed Robin
  1992 | D:2      | Killed Robin
  2608 | D:3      | Found a hide-covered altar of Uskayaw.
  2679 | D:3      | Found an opulent altar of Gozag.
  2695 | D:3      | Became a worshipper of Gozag Ym Sagoz the Greedy
  2706 | D:3      | Reached skill level 5 in Stealth
  2706 | D:3      | Reached XP level 5. HP: 51/51 MP: 5/5
  3278 | D:4      | Noticed an ogre
  3449 | D:4      | Killed an ogre
  3449 | D:4      | Reached skill level 5 in Fighting
  3449 | D:4      | Reached skill level 6 in Stealth
  3449 | D:4      | Reached XP level 6. HP: 23/61 MP: 6/6
  4328 | D:4      | Reached skill level 7 in Stealth
  4982 | D:5      | Entered Level 5 of the Dungeon
  4995 | D:4      | Reached XP level 7. HP: 61/68 MP: 7/7
  5145 | D:4      | Reached skill level 6 in Fighting
  5145 | D:4      | Reached skill level 8 in Stealth
  5145 | D:4      | Reached skill level 3 in Shields
  5783 | D:5      | Found a sacrificial altar of Ru.
  5977 | D:5      | Found a sparkling altar of Nemelex Xobeh.
  6015 | D:5      | Reached XP level 8. HP: 67/78 MP: 8/8
  6079 | D:5      | Noticed Eustachio
  6288 | D:5      | Killed Eustachio
  6288 | D:5      | Reached skill level 7 in Fighting
  6288 | D:5      | Reached skill level 4 in Shields
  6630 | D:5      | Found a snail-covered altar of Cheibriados.
  7149 | D:6      | Reached skill level 5 in Shields
  7195 | D:6      | Reached skill level 8 in Fighting
  7658 | D:6      | Reached XP level 9. HP: 83/89 MP: 6/9
  7842 | D:6      | Found an ancient bone altar of Kikubaaqudgha.
  7926 | D:6      | Got a smouldering hand axe
  7927 | D:6      | Identified the +8 hand axe of Noewoaf {flame, Dex+7} (You
                  | found it on level 6 of the Dungeon)
  8299 | D:6      | Noticed Menkaure
  8306 | D:6      | Killed Menkaure
  8306 | D:6      | Reached skill level 6 in Shields
  8456 | D:7      | Found a staircase to the Ecumenical Temple.
  8470 | D:7      | Found a sand-covered staircase.
  8475 | D:7      | Found Iniavviq's Antique Weapon Emporium.
  8525 | Ossuary  | Entered an ossuary
  8642 | Ossuary  | Reached skill level 9 in Fighting
  9041 | D:7      | Found a basalt altar of Yredelemnul.
  9041 | D:7      | Found a burning altar of Makhleb.
  9200 | D:7      | Found a glowing golden altar of the Shining One.
  9201 | D:7      | Found an ornate altar of the Wu Jian Council.
  9505 | D:7      | Noticed Pikel
  9518 | D:7      | Killed Pikel
  9641 | D:7      | Reached skill level 7 in Shields
 10001 | D:8      | Found Riavimij's Distillery.
 10009 | D:8      | Bought a potion of curing for 45 gold pieces
 10009 | D:8      | Bought a potion of curing for 45 gold pieces
 10009 | D:8      | Bought a potion of curing for 45 gold pieces
 10009 | D:8      | Bought a potion of curing for 45 gold pieces
 10009 | D:8      | Bought a potion of experience for 750 gold pieces
 10010 | D:8      | Reached skill level 11 in Fighting
 10010 | D:8      | Reached skill level 8 in Shields
 10010 | D:8      | Reached skill level 5 in Evocations
 10010 | D:8      | Reached XP level 10. HP: 104/104 MP: 10/10
 10082 | D:8      | Found a radiant altar of Vehumet.
 10112 | D:8      | Reached skill level 6 in Evocations
 10123 | D:8      | Reached skill level 9 in Shields
 10146 | D:8      | Found a flagged portal.
 10157 | Bailey   | Entered a bailey
 10223 | Bailey   | Noticed an orc warlord
 10507 | Bailey   | Reached XP level 11. HP: 96/110 MP: 9/11
 10564 | Bailey   | Found a runed translucent gate.
 10564 | Bailey   | Found a runed translucent gate.
 10564 | Bailey   | Found a runed translucent gate.
 10930 | Bailey   | Got a coiled garnet amulet
 10950 | Bailey   | Got a dazzling great sword
 10972 | Bailey   | Killed an orc warlord
 11268 | Bailey   | Identified the cursed +0 great sword of Trauma {venom,
                  | Int+2 Dex+2} (You found it in a bailey)
 11279 | Bailey   | Identified the amulet "Sutz" {Acrobat Str+6} (You found it
                  | in a bailey)
 11299 | Bailey   | Reached skill level 12 in Fighting
 11299 | Bailey   | Reached skill level 4 in Axes
 11299 | Bailey   | Reached skill level 4 in Armour
 11299 | Bailey   | Reached skill level 8 in Evocations
 11299 | Bailey   | Reached XP level 12. HP: 123/123 MP: 12/12
 11300 | Bailey   | Reached skill level 13 in Fighting
 11300 | Bailey   | Reached skill level 6 in Axes
 11300 | Bailey   | Reached skill level 5 in Armour
 11300 | Bailey   | Gained mutation: You can use your snake-like lower body to
                  | constrict enemies. [Naga growth]
 11300 | Bailey   | Reached XP level 13. HP: 133/133 MP: 13/13
 11631 | D:8      | Reached skill level 6 in Armour
 11663 | D:8      | Found a basalt altar of Yredelemnul.
 11909 | D:8      | Found an iron altar of Okawaru.
 12156 | D:8      | Noticed Maurice
 12168 | D:8      | Killed Maurice
 12168 | D:8      | Reached skill level 7 in Axes
 12793 | D:9      | Found a staircase to the Lair.
 12948 | D:9      | Found a white marble altar of Elyvilon.
 13566 | D:9      | Got an ancient hunting sling
 13567 | D:9      | Identified the +6 hunting sling of Causality {speed, Str+3}
                  | (You found it on level 9 of the Dungeon)
 13616 | Lair:1   | Entered Level 1 of the Lair of Beasts
 13941 | Lair:1   | Reached skill level 1 in Slings
 15106 | Lair:2   | Reached skill level 2 in Slings
 16645 | Lair:3   | Reached skill level 8 in Axes
 16657 | Lair:3   | Reached skill level 7 in Armour
 17251 | Lair:3   | Found a staircase to the Swamp.
 17286 | Lair:3   | Reached skill level 3 in Slings
 18956 | Lair:4   | Found a staircase to the Snake Pit.
 19047 | Lair:4   | Reached XP level 14. HP: 142/142 MP: 14/14
 19054 | Lair:4   | Reached skill level 14 in Fighting
 19236 | Lair:4   | Reached skill level 4 in Slings
 19977 | Lair:5   | Found a runed translucent door.
 19983 | Lair:5   | Found a viscous altar of Jiyva.
 19983 | Lair:5   | Found a staircase to the Slime Pits.
 20529 | Lair:6   | Entered Level 6 of the Lair of Beasts
 20868 | Lair:5   | Reached skill level 9 in Axes
 21309 | Lair:6   | Noticed Kirke
 21335 | Lair:6   | Killed Kirke
 21335 | Lair:6   | Reached skill level 5 in Slings
 21335 | Lair:6   | Reached skill level 8 in Armour
 23196 | Lair:6   | Reached skill level 6 in Slings
 23438 | Lair:6   | Reached skill level 10 in Axes
 24474 | Lair:6   | Noticed Nessos
 24861 | Lair:6   | Noticed a dire elephant
 24877 | Lair:6   | Reached skill level 9 in Armour
 24883 | Lair:6   | Reached XP level 15. HP: 88/152 MP: 15/15
 24903 | Lair:6   | HP: 8/152 [dire elephant (9)]
 26050 | D:10     | Entered Level 10 of the Dungeon
 26250 | D:9      | Reached skill level 15 in Fighting
 26983 | D:10     | Found a staircase to the Orcish Mines.
 27399 | D:10     | Noticed Joseph
 27408 | D:10     | Killed Joseph
 27553 | D:10     | Found a shadowy altar of Dithmenos.
 27635 | D:10     | Identified a scarf of resistance (You found it on level 10
                  | of the Dungeon)
 28341 | D:11     | Reached skill level 11 in Axes
 28351 | D:11     | Found Qiskipt's Weapon Boutique.
 28816 | D:11     | Noticed Erica
 28831 | D:11     | Killed Erica
 29447 | D:12     | Noticed Psyche
 29811 | D:12     | Found Ebyoq's Elemental Accessories.
 29952 | D:12     | Noticed Snorg
 29965 | D:12     | Killed Snorg
 30342 | D:13     | Noticed Azrael
 30414 | D:12     | Killed Azrael
 30513 | D:13     | Reached skill level 10 in Armour
 30839 | D:13     | Reached skill level 9 in Evocations
 30839 | D:13     | Reached XP level 16. HP: 165/165 MP: 16/16
 30840 | D:13     | Reached skill level 16 in Fighting
 30840 | D:13     | Reached skill level 12 in Axes
 30840 | D:13     | Reached XP level 17. HP: 172/172 MP: 17/17
 30879 | D:13     | HP: 13/172 [??? (11)]
 32537 | D:13     | Found a gate to the Vaults.
 32817 | D:13     | Reached skill level 10 in Evocations
 32843 | D:13     | Identified the +2 lajatang of Awkwardness {flame, rC-
                  | Int+4}
 33130 | D:14     | Found a hide-covered altar of Uskayaw.
 33215 | D:14     | Reached XP level 18. HP: 181/181 MP: 18/18
 33234 | D:14     | Reached skill level 11 in Armour
 33388 | D:14     | Found Ethrol's Magic Scroll Shop.
 33399 | D:14     | Bought a scroll of silence for 135 gold pieces
 33399 | D:14     | Bought a scroll of identify for 36 gold pieces
 33399 | D:14     | Bought a scroll of identify for 36 gold pieces
 33399 | D:14     | Bought a scroll of identify for 36 gold pieces
 33421 | D:14     | Bought a scroll of blinking for 127 gold pieces
 33421 | D:14     | Bought a scroll of teleportation for 51 gold pieces
 33421 | D:14     | Bought a scroll of teleportation for 51 gold pieces
 33421 | D:14     | Bought a scroll of identify for 34 gold pieces
 33421 | D:14     | Bought a scroll of enchant armour for 127 gold pieces
 33677 | D:14     | Found Voulaiwa's Distillery.
 33936 | D:14     | Found Cusk's Magic Scroll Shoppe.
 33953 | D:14     | Bought a scroll of teleportation for 39 gold pieces
 33953 | D:14     | Bought a scroll of identify for 26 gold pieces
 33953 | D:14     | Bought a scroll of identify for 26 gold pieces
 33953 | D:14     | Bought a scroll of identify for 26 gold pieces
 33962 | D:14     | Found Elennucuawn's Magic Scroll Shop.
 34279 | D:14     | Bought a potion of curing for 54 gold pieces
 34304 | D:14     | Bought a scroll of teleportation for 51 gold pieces
 34304 | D:14     | Bought a scroll of teleportation for 51 gold pieces
 34304 | D:14     | Bought a scroll of enchant armour for 127 gold pieces
 34304 | D:14     | Bought a scroll of identify for 34 gold pieces
 34304 | D:14     | Bought a scroll of identify for 34 gold pieces
 34304 | D:14     | Bought a scroll of remove curse for 51 gold pieces
 34304 | D:14     | Bought a scroll of identify for 34 gold pieces
 34304 | D:14     | Bought a scroll of identify for 34 gold pieces
 34304 | D:14     | Bought a scroll of identify for 34 gold pieces
 34304 | D:14     | Bought a scroll of identify for 34 gold pieces
 34304 | D:14     | Bought a scroll of teleportation for 51 gold pieces
 34304 | D:14     | Bought a scroll of identify for 34 gold pieces
 34350 | D:14     | Got a brightly glowing brass amulet
 34351 | D:14     | Identified the amulet of the Fool {Faith rF- Str+3 Int+4}
                  | (You found it on level 14 of the Dungeon)
 34405 | D:14     | Found Kalomero's Assorted Antiques.
 34413 | D:14     | Bought a vibrating tin ring for 135 gold pieces
 34415 | D:14     | Identified the ring of Bifyfap {rPois rN+ MR+ SInv} (You
                  | bought it in a shop on level 14 of the Dungeon)
 34810 | Orc:1    | Entered Level 1 of the Orcish Mines
 35188 | Orc:1    | Found a frozen archway.
 35217 | IceCv    | Entered an ice cave
 35481 | IceCv    | Reached skill level 13 in Axes
 36687 | Orc:2    | Entered Level 2 of the Orcish Mines
 38365 | Orc:2    | Gained mutation: You are frail. (-10% HP) [a neqoxec]
 38367 | Orc:2    | Gained mutation: You are weak. (Str -2) [a neqoxec]
 38376 | Orc:2    | Found Wioniudu's General Store.
 38377 | Orc:2    | Found Kilag's Distillery.
 38949 | Orc:2    | Found a staircase to the Elven Halls.
 40166 | Orc:2    | Bought a potion of curing for 51 gold pieces
 40166 | Orc:2    | Bought a scroll of teleportation for 51 gold pieces
 40219 | Orc:2    | Bought a potion of curing for 42 gold pieces
 40219 | Orc:2    | Bought a potion of heal wounds for 70 gold pieces
 40219 | Orc:2    | Bought a potion of curing for 42 gold pieces
 40219 | Orc:2    | Bought a potion of curing for 42 gold pieces
 40303 | Orc:2    | Reached skill level 17 in Fighting
 41146 | Orc:2    | Found Muveleed's Antique Weapon Boutique.
 41146 | Orc:2    | Found Odeiddo's Book Shop.
 41146 | Orc:2    | Found a one-way gate leading to the halls of Pandemonium.
 41174 | Orc:2    | Bought a pitted hunting sling for 149 gold pieces
 41176 | Orc:2    | Identified the +8 hunting sling of Ipnix {vorpal, Str+3
                  | Dex+2 Stlth+} (You bought it in a shop on level 2 of the
                  | Orcish Mines)
 41216 | Orc:2    | Bought a large jade ring for 160 gold pieces
 41216 | Orc:2    | Bought a long wooden wand for 128 gold pieces
 41216 | Orc:2    | Bought a scroll of identify for 64 gold pieces
 41444 | D:15     | Entered Level 15 of the Dungeon
 41461 | D:15     | Reached skill level 12 in Armour
 42004 | D:15     | Found a staircase to the Depths.
 42738 | D:15     | Identified a scroll of acquirement
 42738 | D:15     | Acquired 623 gold pieces
 43086 | Elf:1    | Entered Level 1 of the Elven Halls
 43105 | Elf:1    | Reached skill level 14 in Axes
 44167 | Elf:1    | Reached XP level 19. HP: 174/174 MP: 19/19
 45012 | Snake:1  | Entered Level 1 of the Snake Pit
 45984 | Snake:1  | Found Jowit's Magic Scroll Boutique.
 46719 | Snake:1  | Reached skill level 18 in Fighting
 47316 | Snake:2  | Reached skill level 13 in Armour
 49498 | Snake:2  | Found Jiriqiwo's Distillery.
 49498 | Snake:2  | Found Emmaes's Book Emporium.
 49499 | Snake:2  | Found Ahynusuwk's Magic Scroll Shoppe.
 49754 | Snake:2  | Found Daily's Assorted Antiques.
 49758 | Snake:2  | Bought a scroll of enchant armour for 97 gold pieces
 49758 | Snake:2  | Bought 2 scrolls of identify for 52 gold pieces
 49758 | Snake:2  | Bought a scroll of teleportation for 39 gold pieces
 49758 | Snake:2  | Bought a scroll of identify for 26 gold pieces
 49763 | Snake:2  | Bought 3 potions of heal wounds for 210 gold pieces
 49763 | Snake:2  | Bought a potion of curing for 42 gold pieces
 49766 | Snake:2  | Bought 2 potions of curing for 174 gold pieces
 49766 | Snake:2  | Bought a scroll of identify for 58 gold pieces
 49766 | Snake:2  | Bought a runed broad axe for 203 gold pieces
 50911 | Snake:2  | Bought a potion of curing for 90 gold pieces
 50911 | Snake:2  | Bought a scroll of identify for 60 gold pieces
 50917 | Snake:2  | Bought a smelly plate armour for 1120 gold pieces
 50920 | Snake:2  | Identified the cursed +1 plate armour of the Pure Thickets
                  | {rF- rC+ MR++ Int+4} (You bought it in a shop on level 2 of
                  | the Snake Pit)
 51216 | Slime:1  | Entered Level 1 of the Pits of Slime
 51255 | Slime:1  | Gained mutation: You tend to lose your temper in combat. [a
                  | shining eye]
 51258 | Slime:1  | Gained mutation: Your magical capacity is low. (-10% MP) [a
                  | shining eye]
 51658 | Lair:5   | Lost mutation: You tend to lose your temper in combat.
                  | [potion of mutation]
 51658 | Lair:5   | Lost mutation: Your magical capacity is low. (-10% MP)
                  | [potion of mutation]
 51658 | Lair:5   | Lost mutation: You are weak. (Str -2) [potion of mutation]
 51658 | Lair:5   | Gained mutation: Your mind is acute. (Int +2) [potion of
                  | mutation]
 51658 | Lair:5   | Gained mutation: Your spells are a little easier to cast,
                  | but a little less powerful. [potion of mutation]
 51658 | Lair:5   | Gained mutation: You are partially covered in iridescent
                  | scales. (AC +2) [potion of mutation]
 51659 | Lair:5   | Lost mutation: Your mind is acute. (Int +2) [potion of
                  | mutation]
 51659 | Lair:5   | Gained mutation: Your movements are slightly less
                  | encumbered by armour. (ER -2) [potion of mutation]
 51659 | Lair:5   | Gained mutation: Your flesh is cold resistant. (rC+)
                  | [potion of mutation]
 51771 | Swamp:1  | Entered Level 1 of the Swamp
 54382 | Swamp:3  | Noticed Aizul
 54419 | Swamp:2  | Killed Aizul
 55606 | Swamp:3  | Reached skill level 14 in Armour
 55683 | Swamp:3  | Reached skill level 19 in Fighting
 56423 | Swamp:4  | Entered Level 4 of the Swamp
 57069 | Swamp:3  | Reached XP level 20. HP: 184/187 MP: 20/20
 59225 | Swamp:4  | Got a decaying rune of Zot
 59560 | Vaults:1 | Entered Level 1 of the Vaults
 59580 | Vaults:1 | Reached skill level 1 in Maces & Flails
 59586 | Vaults:1 | Reached skill level 2 in Maces & Flails
 59664 | Vaults:1 | Reached skill level 3 in Maces & Flails
 60198 | Vaults:1 | Reached skill level 4 in Maces & Flails
 60411 | Vaults:1 | Reached skill level 5 in Maces & Flails
 60959 | Vaults:1 | Reached skill level 6 in Maces & Flails
 60979 | Vaults:1 | Reached skill level 20 in Fighting
 61100 | Vaults:1 | Identified the +4 lajatang "Qoap" {holy, rC+}
 61195 | Vaults:1 | Reached skill level 7 in Maces & Flails
 61773 | Vaults:1 | Reached skill level 8 in Maces & Flails
 62331 | Vaults:1 | Identified the +11 hand axe of Karma {venom, rElec rF+}
                  | (You found it on level 1 of the Vaults)
 62370 | Vaults:1 | Identified the cursed +0 hat of Catatonia {Str+6} (You
                  | found it on level 1 of the Vaults)
 63639 | Vaults:2 | Reached XP level 21. HP: 145/198 MP: 21/21
 64712 | Vaults:2 | Reached skill level 15 in Axes
 65202 | Vaults:2 | Found a staircase to the Crypt.
 65362 | Vaults:2 | Reached skill level 21 in Fighting
 67490 | Elf:2    | Found Jaamuk's Magic Scroll Emporium.
 67712 | Elf:2    | Bought a scroll of identify for 30 gold pieces
 67712 | Elf:2    | Bought a scroll of teleportation for 45 gold pieces
 67780 | Elf:2    | Found a runed translucent gate.
 67784 | Elf:2    | Found a runed translucent gate.
 67784 | Elf:2    | Found a runed translucent gate.
 67980 | Elf:2    | Reached skill level 16 in Axes
 70452 | Snake:3  | Reached XP level 22. HP: 195/210 MP: 22/22
 70865 | Snake:3  | Noticed Vashnia
 71027 | Snake:3  | Killed Vashnia
 71380 | Snake:3  | Noticed Mara
 71398 | Snake:3  | Killed Mara
 71398 | Snake:3  | Reached skill level 22 in Fighting
 71499 | Snake:3  | Noticed Donald
 71515 | Snake:3  | Killed Donald
 71694 | Snake:4  | Entered Level 4 of the Snake Pit
 72025 | Snake:3  | Reached skill level 17 in Axes
 74228 | Snake:4  | Reached skill level 23 in Fighting
 74645 | Snake:4  | Got a serpentine rune of Zot
 75495 | Slime:1  | Gained mutation: You are clumsy. (Dex -2) [a shining eye]
 75500 | Slime:1  | Gained mutation: You are very clumsy. (Dex -4) [a shining
                  | eye]
 75503 | Slime:1  | Gained mutation: Potions are less effective at restoring
                  | your health. [a shining eye]
 75505 | Slime:1  | Gained mutation: You occasionally shout uncontrollably at
                  | your foes. [a shining eye]
 75521 | Slime:1  | Gained mutation: You do not regenerate when monsters are
                  | visible. [a shining eye]
 75528 | Slime:1  | Gained mutation: You are dopey. (Int -2) [a shining eye]
 75548 | Slime:1  | Bought a +0 pair of gloves of archery for 264 gold pieces
 75548 | Slime:1  | Bought a +2 plate armour of magic resistance for 920 gold
                  | pieces
 75576 | Slime:1  | Lost mutation: Your movements are slightly less encumbered
                  | by armour. (ER -2) [potion of mutation]
 75576 | Slime:1  | Lost mutation: You are dopey. (Int -2) [potion of mutation]
 75576 | Slime:1  | Lost mutation: Potions are less effective at restoring your
                  | health. [potion of mutation]
 75576 | Slime:1  | Gained mutation: Your mind is acute. (Int +2) [potion of
                  | mutation]
 75852 | Slime:1  | Reached XP level 23. HP: 205/223 MP: 12/23
 75999 | Slime:2  | Gained mutation: Your body sometimes deteriorates upon
                  | taking damage. [a shining eye]
 76003 | Slime:1  | Gained mutation: Your body often deteriorates upon taking
                  | damage. [a shining eye]
 76204 | Slime:1  | Gained mutation: Your flesh is heat resistant. (rF+) [a
                  | shining eye]
 76316 | Slime:2  | Lost mutation: Your mind is acute. (Int +2) [a shining eye]
 76336 | Slime:2  | Gained mutation: Your magical capacity is low. (-10% MP) [a
                  | shining eye]
 77452 | Slime:2  | Reached skill level 24 in Fighting
 78398 | Slime:3  | Gained mutation: You are dopey. (Int -2) [a shining eye]
 78402 | Slime:3  | Gained mutation: You have a pair of small horns on your
                  | head. [a shining eye]
 79411 | Slime:4  | Gained mutation: Your magical capacity is very low. (-20%
                  | MP) [a shining eye]
 79834 | Slime:5  | Entered Level 5 of the Pits of Slime
 80289 | Slime:5  | Noticed the Royal Jelly
 81655 | Vaults:3 | Found Ameboem's Distillery.
 81681 | Vaults:3 | Bought a potion of heal wounds for 65 gold pieces
 81681 | Vaults:3 | Bought a potion of heal wounds for 65 gold pieces
 81681 | Vaults:3 | Bought a potion of heal wounds for 65 gold pieces
 81886 | Vaults:3 | Reached skill level 25 in Fighting
 82174 | Vaults:3 | Identified a +1 robe of resistance
 82648 | Vaults:3 | Identified the +6 spear of the Lamprey {protect, rPois rF+}
 82683 | Vaults:3 | Reached XP level 24. HP: 238/238 MP: 18/18
 83317 | Vaults:3 | Identified the cursed +1 shortbow "Riggabb" {vorpal,
                  | Fragile rElec rC+ Dex+2}
 84563 | Vaults:3 | Reached skill level 26 in Fighting
 86646 | Vaults:3 | Found the +0 staff of Battle
 87650 | Slime:1  | Bought a scarf of repulsion for 276 gold pieces
 87958 | Elf:3    | Entered Level 3 of the Elven Halls
 89183 | Elf:3    | Found Ucham's Distillery.
 89252 | Elf:3    | Identified the +2 scale mail of the Wheelwright {rPois rN+
                  | Int+2 Dex-5} (You found it on level 3 of the Elven Halls)
 90516 | Elf:3    | Identified a +2 crystal plate armour
 92395 | Elf:3    | Identified the +8 dagger "Kujoulum" {speed, rN++ Dex-5
                  | Stlth+}
 94686 | Elf:3    | Reached skill level 27 in Fighting
 94888 | Elf:3    | Reached skill level 15 in Armour
 94970 | Elf:3    | Identified Doime's Reference Book on Earth and Flames
 94986 | Elf:3    | Identified the Grimoire of the Voyage and Arcane Weapons
 95028 | Elf:3    | Identified the +9 hand crossbow of Urgency {flame, +Inv
                  | rPois Str+2} (You found it on level 3 of the Elven Halls)
 95080 | Elf:3    | Found the +11 plutonium sword {*Contam Stlth-}
 95121 | Elf:3    | Identified the +7 hand crossbow "Orb Guardian's Foe"
                  | {penet, rC+ Dex+2} (You found it on level 3 of the Elven
                  | Halls)
 95149 | Elf:3    | Identified the Collected Works on the Frostbite and Clay
 95969 | D:12     | Killed Psyche
 97394 | Slime:4  | Reached skill level 1 in Crossbows
 97828 | Slime:5  | Reached skill level 2 in Crossbows
 97828 | Slime:5  | Gained mutation: You tend to lose your temper in combat. [a
                  | shining eye]
 97830 | Slime:5  | Gained mutation: You sometimes yell uncontrollably at your
                  | foes. [a shining eye]
 97865 | Slime:5  | Reached skill level 3 in Crossbows
 99792 | Slime:4  | Reached skill level 4 in Crossbows
100074 | Slime:4  | Reached XP level 25. HP: 252/252 MP: 18/18
102484 | Slime:5  | Killed the Royal Jelly
102484 | Slime:5  | Reached skill level 6 in Crossbows
107138 | Slime:5  | Found the +2 hood of the Assassin {Detection Stab+ Stlth++}
107177 | Slime:5  | Got a slimy rune of Zot
107361 | Slime:5  | Identified the +6 war axe of Darkness {venom, *Contam rF++}
                  | (You found it on level 5 of the Pits of Slime)
107373 | Slime:5  | Identified the ring of Fymun {rC- Str+2 Dex+4 Stlth-} (You
                  | found it on level 5 of the Pits of Slime)
109352 | Vaults:4 | Identified the +0 helmet of Atakkurr {Regen+ Str+2} (You
                  | found it on level 4 of the Vaults)
110165 | Vaults:3 | Reached skill level 7 in Crossbows
112411 | Vaults:4 | Reached skill level 8 in Crossbows
115483 | Vaults:4 | Acquired the +7 executioner's axe of the Maze {vamp, Str+6
                  | Dex-2}
115489 | Vaults:4 | Acquired a manual of Axes
115490 | Vaults:4 | Acquired a manual of Crossbows
117019 | Vaults:4 | Reached skill level 9 in Crossbows
117391 | Vaults:4 | Reached skill level 10 in Crossbows
117412 | Vaults:4 | Found Ecupn's Assorted Antiques.
117412 | Vaults:4 | Noticed Frederick
117438 | Vaults:4 | Killed Frederick
117487 | Vaults:4 | Bought a scroll of identify for 92 gold pieces
117487 | Vaults:4 | Bought a scroll of identify for 92 gold pieces
117487 | Vaults:4 | Bought a potion of mutation for 368 gold pieces
117487 | Vaults:4 | Bought a scroll of blinking for 345 gold pieces
117487 | Vaults:4 | Bought a scroll of teleportation for 138 gold pieces
117697 | Vaults:4 | Touched by the power of Zot.
117738 | Vaults:4 | Reached skill level 18 in Axes
117776 | Vaults:4 | Touched by the power of Zot.
117857 | Vaults:4 | Touched by the power of Zot.
117928 | Vaults:4 | Touched by the power of Zot.
117984 | Vaults:4 | Touched by the power of Zot.
118104 | Vaults:4 | Tarried too long and was consumed by Zot

Vanquished Creatures
  the Royal Jelly (Slime:5)
  Mara (Snake:3)
  Frederick (Vaults:4)
  Vashnia (Snake:3)
  4 deep elf master archers (Elf:3)
  33 acid blobs
  A lich (Vaults:3)
  A sphinx (Vaults:1)
  Kirke (Lair:6)
  3 thorn hunters
  Donald (Snake:3)
  A shadow dragon (Vaults:3)
  4 tengu reavers
  2 storm dragons (Vaults:3)
  35 azure jellies
  3 frost giants
  11 nagarajas
  12 vault wardens
  2 fire giants
  A ghoul (Vaults:2)
  6 deep elf sorcerers
  A draconian knight (Vaults:4)
  Aizul (Swamp:2)
  An orc warlord (Bailey)
  14 ironheart preservers
  2 stone giants (Vaults:2)
  A war gargoyle (Vaults:3)
  2 deep elf elementalists (Elf:3)
  A spriggan defender (Vaults:4)
  2 entropy weavers
  2 vampire knights (Vaults:4)
  5 very ugly things
  7 deep elf demonologists
  6 deep elf annihilators
  Azrael (D:12)
  A dire elephant (shapeshifter) (Vaults:3)
  5 deep elf death magi
  4 ettins
  A dire elephant (Lair:6)
  19 death oozes
  Snorg (D:12)
  A fire dragon (Vaults:4)
  7 deep elf high priests (Elf:3)
  22 hydras
  6 great orbs of eyes
  8 yaktaur captains
  10 ogre magi
  An ice dragon (Vaults:2)
  2 rakshasas (Vaults:3)
  3 shambling mangroves
  16 naga warriors
  24 vault guards
  5 ghost crabs
  9 alligators
  27 anacondas
  2 catoblepae (Lair:6)
  4 death yaks
  4 centaur warriors
  Erica (D:11)
  28 two-headed ogres
  5 death knights
  3 deep troll shamans
  2 tengu warriors (D:13)
  2 vampire magi (Vaults:2)
  A spriggan berserker (Swamp:4)
  7 orc high priests (Orc:2)
  17 deep elf knights
  20 naga sharpshooters
  5 shock serpents
  A sun demon (Orc:2)
  A soul eater (Orc:2)
  3 skeletal warriors
  A hell knight (Vaults:3)
  A salamander mystic (Snake:4)
  A shadow wraith (Vaults:2)
  A sixfirhy (Orc:2)
  14 deep trolls
  An entropy weaver zombie (Vaults:1)
  3 flayed ghosts
  2 spriggan druids (Swamp:3)
  A torturous demonspawn (Orc:2)
  A gelid demonspawn (Orc:2)
  5 unseen horrors
  4 sea snakes
  8 naga ritualists
  10 swamp dragons
  3 glowing orange brains
  An infernal demonspawn (Orc:2)
  Pikel (D:7)
  A harpy (shapeshifter) (Vaults:1)
  22 deep elf archers
  19 ironbrand convokers
  3 wizards
  A sphinx zombie (Vaults:2)
  3 necromancers
  15 orc knights
  A phantasmal warrior (D:15)
  A tengu zombie (D:15)
  11 mana vipers
  7 cyclopes
  6 orc sorcerers
  22 ugly things
  60 deep elf magi
  7 salamanders
  10 shining eyes
  A stone giant zombie (D:15)
  A moth of wrath (shapeshifter) (Elf:1)
  A wolf spider (Vaults:2)
  152 slime creatures
  4 manticores
  7 elephants
  An elephant (shapeshifter) (Vaults:2)
  A rust devil (Orc:2)
  Maurice (D:8)
  29 black mambas
  An ice statue (IceCv)
  8 guardian serpents
  Joseph (D:10)
  A centaur zombie (D:13)
  14 vault sentinels
  2 eyes of devastation
  Psyche (D:12)
  A gargoyle (D:10)
  19 naga magi
  An orange demon (Orc:2)
  2 torpor snails (Lair:6)
  13 cane toads
  A rime drake (shapeshifter) (Vaults:3)
  7 rime drakes
  6 komodo dragons
  25 yaktaurs
  5 freezing wraiths
  A jumping spider (Vaults:4)
  25 polar bears
  11 trolls
  8 hornets
  A meliai (shapeshifter) (D:13)
  A harpy skeleton (D:14)
  3 raiju (Lair:6)
  8 tyrant leeches
  11 hippogriffs
  17 blink frogs
  12 bog bodies
  3 dream sheep (Lair:6)
  A frost giant simulacrum (Vaults:2)
  A spriggan zombie (D:15)
  2 human simulacra
  A stone giant simulacrum (Vaults:1)
  4 redbacks
  6 water elementals
  A fire giant simulacrum (Vaults:2)
  2 air elementals
  A tarantella (shapeshifter) (Vaults:3)
  An ettin skeleton (Vaults:1)
  4 spriggans
  10 wraiths
  3 shadows
  3 wyverns
  A ynoxinul (Orc:2)
  48 yaks
  Eustachio (D:5)
  9 fire elementals
  5 basilisks
  13 golden eyes
  A steam dragon (D:11)
  19 vampire mosquitoes
  Menkaure (D:6)
  An ogre zombie (Vaults:1)
  A neqoxec (Orc:2)
  14 swamp worms
  12 wargs
  11 insubstantial wisps
  52 nagas
  5 acid dragons
  12 water moccasins
  8 porcupines
  14 hell hounds
  17 swamp drakes
  An ettin simulacrum (Vaults:2)
  39 orc warriors
  A sky beast (D:9)
  2 ice beasts
  13 black bears
  A hornet zombie (D:13)
  A meliai simulacrum (D:15)
  6 eyes of draining
  36 ogres
  2 phantoms
  40 wolves
  A boggart (shapeshifter) (Vaults:1)
  A necrophage (D:6)
  15 centaurs
  A lemure (D:7)
  7 crocodiles
  2 elf zombies
  2 human skeletons (Vaults:2)
  6 big kobolds
  A bullfrog (shapeshifter) (Elf:3)
  24 bullfrogs
  A wyvern zombie (D:14)
  3 gnoll sergeants (D:10)
  A water moccasin zombie (D:5)
  3 earth elementals
  A wyvern skeleton (D:10)
  6 scorpions
  A troll zombie (D:8)
  38 killer bees
  15 wights
  4 electric eels
  A troll skeleton (D:8)
  2 howler monkeys
  A crimson imp (D:5)
  3 bullfrog zombies
  A quasit (D:8)
  4 hounds
  2 human zombies
  17 orc priests
  3 jellies
  A bullfrog skeleton (D:6)
  7 centaur skeletons
  7 iguanas
  12 orc wizards
  10 worker ants
  2 hell rats (Lair:2)
  A killer bee zombie (D:6)
  12 mummies
  A howler monkey zombie (D:11)
  Robin (D:2)
  11 gnolls
  9 adders
  7 river rats (Lair:2)
  3 shadow imps
  14 white imps
  6 oozes
  2 adder skeletons (D:6)
  4 worms
  3 dart slugs
  2 leopard geckos
  80 orcs
  3 giant cockroaches
  2 gnoll zombies (Ossuary)
  22 goblins
  15 hobgoblins
  6 jackals
  5 quokkas
  A ball python (D:3)
  8 bats
  6 frilled lizards
  2 hobgoblin zombies (Ossuary)
  A jackal skeleton (D:6)
  A jackal zombie (D:7)
  30 kobolds
  2 kobold zombies (Ossuary)
  A leopard gecko zombie (D:7)
  2 orc zombies (Ossuary)
  2 quokka skeletons
  15 rats
2016 creatures vanquished.

Vanquished Creatures (others)
  An ironheart preserver (Vaults:2)
  21 dancing weapons
  A deep elf knight (Elf:1)
  A salamander mystic (Snake:4)
  2 deep elf magi
  5 humans (Lair:6)
  2 vampire mosquitoes (Swamp:4)
  An ogre (Vaults:3)
  An orc wizard (Vaults:1)
  A rat (D:1)
  45 fungi
  83 plants
  4 toadstools (D:12)
  6 withered plants (D:15)
174 creatures vanquished.

Grand Total: 2190 creatures vanquished
